 Dungeon Crawl Stone Soup version 0.30-a0-824-g6c64550be9 (webtiles) character file.

Game seed: 16627214031812354166

109 cforsyth the Sneak (level 5, -4/48 HPs)
             Began as a Kobold Brigand on Feb 28, 2023.
             Slain by a lemure (7 damage)
             ... led by Pikel
             ... on level 2 of the Dungeon.
             The game lasted 00:02:21 (2701 turns).

cforsyth the Sneak (Kobold Brigand)                 Turns: 2701, Time: 00:02:21

Health: -4/48      AC:  3    Str:  8    XL:     5   Next: 13%
Magic:  5/5        EV: 15    Int: 13    God:
Gold:   115        SH:  0    Dex: 18    Spells: 4/4 levels left

rFire   + . .      SeeInvis .    a - +2 dagger
rCold   + . .      Faith    .    (no shield)
rNeg    . . .      Spirit   .    b - +0 robe
rPois   +          Reflect  .    (no helmet)
rElec   +          Harm     .    c - +0 cloak
rCorr   +          Rampage  .    (no gloves)
Will    .....                    (no boots) Stlth
                                 (no amulet)
HPRegen 0.28/turn                (no ring)
MPRegen 0.09/turn                (no ring)

@: berserking, resistant, very quick
A: small, no large weapons, nightstalker 3
a: no special abilities


You were on level 2 of the Dungeon.
You visited 1 branch of the dungeon, and saw 4 of its levels.

You collected 115 gold pieces.

Inventory:

Hand Weapons
 a - a +2 dagger (weapon)
Missiles
 d - 15 poisoned darts (quivered)
 e - 3 curare-tipped darts
Armour
 b - a +0 robe (worn)
 c - a +0 cloak (worn)
Jewellery
 p - an amulet of the acrobat
Wands
 m - a wand of iceblast (8)
Scrolls
 f - 3 scrolls of identify {unknown}
 h - a scroll of poison {unknown}
 i - 5 scrolls of amnesia {unknown}
 k - a scroll of silence {unknown}
 l - a scroll of torment {unknown}
 o - 2 scrolls of magic mapping {unknown}
 r - 4 scrolls of fog {unknown}
Potions
 j - a potion of resistance
 n - a potion of mutation {unknown}
 q - a potion of invisibility {unknown}


   Skills:
 + Level 3.2 Fighting
 + Level 4.0 Short Blades
 - Level 2.1 Throwing
 + Level 2.8 Dodging
 + Level 6.2 Stealth


You had 4 spell levels left.
You didn't know any spells.
Your spell library contained the following spells:

 Spells                   Type           Power      Damage    Failure   Level
 Summon Guardian Golem    Hex/Summ       0%         N/A       67%         3
 Orb of Destruction       Conj           0%         9d5       100%        7
 Spellforged Servitor     Conj/Summ      0%         N/A       100%        7


Dungeon Overview and Level Annotations

Branches:
Dungeon (4/15)
 Temple: D:4-7

Altars:

Shops:
D:2 :

Annotations:
D:3 Pikel


Innate Abilities, Weirdness & Mutations

You are small and have problems with some larger weapons.
You are completely attuned to the shadows.


Message History

You miss the lemure.
The lemure is moderately wounded.
The lemure misses you.
You hit the lemure.
The lemure is moderately wounded.
The lemure hits you.
You hit the lemure.
The lemure is heavily wounded.
The lemure misses you.
You barely miss the lemure.
The lemure is heavily wounded.
The lemure closely misses you.
You barely miss the lemure.
The lemure is heavily wounded.
You completely miss the lemure.
The lemure is heavily wounded.
The lemure hits you but does no damage.
You hit the lemure.
The lemure is heavily wounded.
The lemure hits you.
* * * LOW HITPOINT WARNING * * *
You barely miss the lemure.
The lemure is heavily wounded.
The lemure misses you.
You hit the lemure.
The lemure is heavily wounded.
The lemure closely misses you.
You hit the lemure but do no damage.
The lemure is heavily wounded.
You hit the lemure.
The lemure is severely wounded.
The lemure hits you.
* * * LOW HITPOINT WARNING * * *
It was a potion of resistance.
You feel protected. The lemure barely misses you.
It was a potion of berserk rage.
A red film seems to cover your vision as you go berserk!
You feel yourself moving faster!
You feel mighty! The lemure hits you!
You die...

.....# #####+####.......##
#.#
####.###.........#.#.#.#.#
#.#
#...'.................#
#.#
#####.........#.#.#.#.#
#.# #................##
#.# ####..#####.#.#.## #.#
#..####.......# #.#
###########......#.#.#.##
#.#
................@5......#
#.#
.....######......#.#.#.##
#.#
####.###########).##..#.#
#.#
.....÷.)....).....###...#
#.# ####÷...########.##
#.### #.# #.##.#......#.#
#.# #.# ####...........#.#
#.######.#
.....###.......#.#
#........# ....##
#.#.....#.# ##########


You could see a lemure.

Vanquished Creatures
  A lemure (D:4)
  Jessica (D:2)
  2 adders
  2 worms (D:2)
  2 dart slugs
  7 ball pythons
  4 bats
  An endoplasm (D:2)
  2 giant cockroaches
  6 goblins
  5 hobgoblins
  7 jackals
  3 quokkas
  4 frilled lizards
  2 kobolds
  6 rats
55 creatures vanquished.

Vanquished Creatures (others)
  4 plants (D:3)
4 creatures vanquished.

Grand Total: 59 creatures vanquished

Notes
Turn   | Place    | Note
-------+----------+-------------------------------------------
     0 | D:1      | cforsyth the Kobold Brigand began the quest for the Orb.
     0 | D:1      | Reached XP level 1. HP: 12/12 MP: 1/1
   206 | D:1      | Reached XP level 2. HP: 18/18 MP: 2/2
   446 | D:1      | Reached XP level 3. HP: 12/22 MP: 3/3
   994 | D:2      | Noticed Jessica
  1003 | D:2      | Killed Jessica
  1004 | D:2      | Reached skill level 6 in Stealth
  1004 | D:2      | Reached XP level 4. HP: 28/28 MP: 4/4
  1053 | D:2      | Found Upolad's Book Shoppe.
  2122 | D:3      | Reached XP level 5. HP: 32/32 MP: 5/5
  2659 | D:4      | Noticed Pikel
  2659 | D:4      | Noticed a lemure
  2659 | D:4      | Noticed a lemure
  2661 | D:4      | Killed a lemure
  2662 | D:4      | Noticed a lemure
  2662 | D:4      | Noticed a lemure
  2699 | D:2      | HP: 1/32 [lemure[Pikel] (6)]
  2701 | D:2      | Slain by a lemure

Illustrated notes

Levels and vault maps discovered:
D:1:      saegor_arrival_miasma, layout_basic, serial_glass, glass_columns_c,
          glass_columns_b, glass_columns_a, glass_columns_a, glass_columns_c,
          glass_columns_a, glass_columns_a, glass_columns_a, glass_columns_b,
          glass_columns_c, grunt_decor_cap
D:2:      layout_basic, serial_shops, shop, st_stairs_12, dk_noncrumbling_3,
          uniq_jessica
D:3:      wad_lake_hut, layout_basic, nemelex_diamond_rough_becter,
          minmay_strange_pillars
D:4:      corexii_shack_village, layout_basic, fedhas_ov_isle_minmay,
          minmay_temple_entry_crystal_x, serial_shops, shop_statue,
          minmay_misc_feat_tiny, uniq_edmund, uniq_sigmund, uniq_pikel,
          uniq_ijyb

Skill      XL: |  1  2  3  4  5 |
---------------+----------------+-----
Short Blades   | 3 4 |  4.0
Dodging        | 2 |  2.8
Fighting       | 3 |  3.2
Stealth        | 6 |  6.2
Throwing       | |  2.1

Action                     |  1- 3 |  4- 6 || total
---------------------------+-------+-------++-------
  Melee: Dagger            |    74 |   102 ||   176
         Punch             |     2 |     1 ||     3
    Use: Potion            |       |     2 ||     2
   Stab: Sleeping          |    13 |    11 ||    24
 Armour: Robe              |    10 |    21 ||    31
  Dodge: Dodged            |    59 |    74 ||   133

Table legend: (Time is in decaauts)
 A = Elapsed time spent in this place.
 B = Non-inter-level travel time spent in this place.
 C = Inter-level travel time spent in this place.
 D = Time resting spent in this place.
 E = Time spent auto-exploring this place.
 F = Levels seen in this place.
 G = Mean time per level.
                   A        B        C        D        E       F      G
               +--------+--------+--------+--------+--------+-----+--------+
         Total |   2718 |   2588 |    130 |      0 |   2200 |   4 |  679.5 |
       Dungeon |   2718 |   2588 |    130 |      0 |   2200 |   4 |  679.5 |
               +--------+--------+--------+--------+--------+-----+--------+

Top non-repeatable levels by time:
     D:2: 1007 daAuts
     D:3: 892 daAuts
     D:1: 813 daAuts
     D:4: 5 daAuts
